AoeStats
← Kokamane18

Arena

503949369Analyzed
4v4 RM · 29d ago on Sep 3, 2026· 89m 9s· 8 players
Game mode
Random Map
Map size
Large (8 player)
Population
200
Speed
Normal
Resources
Standard
Victory
Conquest
Starting age
Dark Age
Ending age
Imperial Age
RankedLock teamsTeams togetherTeam positionsShared explorationLock speedFull tech treeHidden civsTurbo modeCheats
Victory
Defeat
🇲🇾 Persians · Malaysia
880
+14
🇭🇰 Persians · Hong Kong SAR China
848
+15
🇦🇷 Franks · Argentina
835
+16
🇨🇳 Hindustanis · China
820
+17
🇺🇸 Slavs · United States
928
-19
🇺🇸 Burgundians · United States
870
-17
🇺🇸 Saracens · United States
852
-16
🇺🇸 Magyars · United States
699
-10
Blues_1111
0:41 Loom
13:35 Feudal Age
14:12 Double-Bit Axe
20:09 Castle Age
18:56 Horse Collar
20:58 Bow Saw
21:23 Heavy Plow
23:25 Wheelbarrow
23:52 Kamandaran
24:59 Fletching
27:06 Bodkin Arrow
28:47 Padded Archer Armor
28:18 Crossbowman
29:19 Gold Mining
31:22 Ballistics
36:03 Imperial Age
33:25 Stone Mining
34:14 Gold Shaft Mining
34:02 Thumb Ring
35:33 Stone Shaft Mining
37:28 Pikeman
38:09 Squires
38:23 Elite Skirmisher
40:16 Conscription
42:40 Leather Archer Armor
45:38 Chemistry
46:07 Hand Cart
46:31 Caravan
50:02 Husbandry
50:17 Bloodlines
49:42 Light Cavalry
63:52 Scale Barding Armor
64:08 Forging
68:13 Crop Rotation
68:26 Hussar
70:16 Iron Casting
72:04 Blast Furnace
71:03 Halberdier
74:15 Capped Ram
75:06 Siege Ram
85:49 Two-Man Saw
旺旺
10:31 Feudal Age
11:13 Double-Bit Axe
18:55 Castle Age
16:51 Stone Mining
16:44 Horse Collar
19:44 Heavy Plow
19:59 Bow Saw
24:00 Gold Mining
27:52 Imperial Age
29:11 Two-Man Saw
28:43 Arson
29:01 Squires
28:22 Pikeman
30:05 Wheelbarrow
30:03 Husbandry
30:49 Scale Barding Armor
30:55 Forging
33:02 Hand Cart
33:24 Scale Mail Armor
33:45 Chain Barding Armor
34:47 Bloodlines
35:13 Halberdier
36:13 Cavalier
37:52 Crop Rotation
38:57 Savar
41:08 Plate Barding Armor
41:10 Iron Casting
43:14 Chain Mail Armor
45:11 Blast Furnace
44:42 Plate Mail Armor
53:58 Coinage
53:38 Guilds
53:30 Caravan
54:22 Elite War Elephant
55:25 Conscription
61:00 Banking
81:34 Heavy Scorpion
83:42 Elite Skirmisher
General
1:34 Loom
11:46 Feudal Age
13:41 Wheelbarrow
14:26 Double-Bit Axe
21:20 Castle Age
20:55 Stone Mining
20:56 Gold Mining
21:10 Gold Mining
22:53 Gold Shaft Mining
22:41 Husbandry
23:09 Bow Saw
22:54 Pikeman
23:35 Squires
27:09 Hand Cart
32:42 Imperial Age
30:11 Murder Holes
30:37 Ballistics
30:32 Masonry
30:41 Scale Barding Armor
30:47 Forging
30:15 Man-at-Arms
33:12 #83
33:40 Sanctity
33:44 Halberdier
33:44 Long Swordsman
36:22 Cavalier
38:26 Two-Handed Swordsman
38:43 Cavalier
42:04 Chemistry
40:56 Elite Skirmisher
43:46 Iron Casting
43:32 Chain Barding Armor
43:26 Fortified Wall
68:48 Chivalry
71:32 Fletching
75:52 Light Cavalry
76:22 Heavy Scorpion
ysysys1996
11:42 Feudal Age
16:36 Castle Age
14:43 Double-Bit Axe
14:57 Horse Collar
16:53 Stone Mining
18:26 Stone Shaft Mining
18:09 Bow Saw
18:01 Heavy Plow
19:47 Wheelbarrow
20:51 Loom
23:50 Pikeman
27:20 Husbandry
28:03 Squires
28:30 Scale Mail Armor
28:40 Forging
28:36 Scale Barding Armor
34:32 Imperial Age
31:48 Town Watch
33:42 Chain Mail Armor
34:03 Iron Casting
34:22 Hand Cart
34:52 Stone Shaft Mining
34:07 Gold Mining
35:44 Conscription
36:08 Town Patrol
36:49 Heavy Camel Rider
37:52 Chain Barding Armor
38:33 Blast Furnace
37:51 Siege Elephant
39:19 Imperial Camel Rider
40:18 Masonry
42:22 Chemistry
42:38 Blast Furnace
43:45 Shatagni
48:05 Grand Trunk Road
49:29 Elite Ghulam
49:53 Onager
50:39 Elite Skirmisher
51:26 Thumb Ring
51:43 Ballistics
51:16 Guard Tower
66:44 Plate Barding Armor
66:00 Fletching
66:10 Padded Archer Armor
67:00 Caravan
69:45 Bloodlines
68:55 Light Cavalry
71:49 Hussar
79:10 Hoardings
oh...it's...ken..
9:57 Feudal Age
10:46 Double-Bit Axe
10:42 Horse Collar
12:03 Wheelbarrow
12:21 Loom
13:40 Man-at-Arms
18:31 Castle Age
17:45 Man-at-Arms
18:42 Forging
18:45 Pikeman
19:28 Squires
20:12 Scale Mail Armor
22:56 Bow Saw
22:48 Heavy Plow
23:21 Long Swordsman
26:22 Iron Casting
31:33 Imperial Age
30:31 Chain Mail Armor
30:50 Gold Mining
30:54 Stone Mining
32:49 Two-Handed Swordsman
40:03 Blast Furnace
39:33 Plate Mail Armor
39:15 Halberdier
41:33 Caravan
41:11 Champion
44:12 Hand Cart
48:42 Druzhina
49:09 Conscription
TROGDOR
5:56 Loom
10:58 Feudal Age
11:47 Double-Bit Axe
18:57 Castle Age
20:15 Wheelbarrow
20:17 Scale Barding Armor
20:23 Forging
21:44 Horse Collar
23:52 Heavy Plow
25:03 Gold Mining
25:14 Stone Mining
31:08 Imperial Age
29:15 Ballistics
28:53 Murder Holes
34:08 Man-at-Arms
48:02 Town Watch
50:58 Pikeman
51:42 Squires
62:38 Light Cavalry
63:34 Bloodlines
63:26 Husbandry
Kokamane18
10:18 Feudal Age
10:53 Double-Bit Axe
19:13 Castle Age
19:57 Stone Mining
20:22 Bow Saw
21:11 Gold Mining
22:12 Husbandry
26:30 Gold Shaft Mining
30:49 Imperial Age
29:09 Scale Barding Armor
34:54 Cavalier
37:59 Corvinian Army
41:25 Paladin
43:24 Heavy Cavalry Archer
85:43 Elite Magyar Huszar
Literal Bait
10:53 Feudal Age
11:30 Double-Bit Axe
11:39 Horse Collar
13:11 Bow Saw
14:39 Heavy Plow
19:02 Castle Age
20:47 Two-Man Saw
20:20 Gold Mining
23:21 Stone Mining
24:07 Gold Shaft Mining
25:00 Padded Archer Armor
27:07 Stone Shaft Mining
27:13 Wheelbarrow
26:23 Town Watch
27:46 Leather Archer Armor
31:45 Imperial Age
29:52 Ballistics
29:16 Treadmill Crane
33:26 Chemistry
33:33 Hand Cart
33:19 Town Patrol
34:09 Crop Rotation
35:24 Burgundian Vineyards
36:06 Conscription
48:36 Elite Coustillier
49:33 Forging
49:29 Scale Barding Armor
58:08 Iron Casting
57:53 Chain Barding Armor
59:18 Caravan
64:19 Plate Barding Armor
64:45 Blast Furnace
73:12 Fortified Wall
Connection lost

Rejoining the realm…

Still unreachable

The connection could not be restored.

Session expired

The server has moved on; the page needs a fresh start.